 Dungeon Crawl Stone Soup version 0.25.1-2-g60ff931df9 (webtiles) character file.

Game seed: 15329964264583776627

1988 funkygono the Basher (level 9, -6/56 HPs)
             Began as a Gargoyle Fighter on Sept 23, 2020.
             Was a Believer of Okawaru.
             Engulfed by a cloud of flame (15 damage)
             ... on level 6 of the Dungeon.
             The game lasted 00:14:25 (6341 turns).

funkygono the Basher (Gargoyle Fighter)             Turns: 6341, Time: 00:14:25

Health: -6/56      AC: 15    Str: 24    XL:     9   Next: 21%
Magic:  9/9        EV: 12    Int: 12    God:    Okawaru [**....]
Gold:   377        SH:  7    Dex: 15    Spells: 8/8 levels left

rFire    . . .     SeeInvis .   i - -3 whip (curse)
rCold    . . .     Gourm    .   s - +2 buckler
rNeg     + + .     Faith    .   w - +1 ring mail "Basaqut" {MR+ Int+4}
rPois    ∞         Spirit   .   h - +2 hat
rElec    +         Reflect  .   (no cloak)
rCorr    .         Harm     .   (no gloves)
MR       +....                  (no boots)
Stlth    +.........             (no amulet)
HPRegen  0.18/turn              v - ring of positive energy
MPRegen  0.11/turn              C - +6 ring of dexterity

@: no status effects
A: negative energy resistance 1, electricity resistance, unbreathing,
petrification resistance, rot immunity, AC +6
a: Heroism, Renounce Religion


You were on level 6 of the Dungeon.
You worshipped Okawaru.
Okawaru was pleased with you.
You were not hungry.

You visited 2 branches of the dungeon, and saw 7 of its levels.

You collected 377 gold pieces.

Inventory:

Hand Weapons
 a - a +1 flail
 i - a cursed -3 whip (weapon)
 t - a +0 shortbow of flaming
 x - a +1 flail of protection
Missiles
 e - 235 stones (quivered)
 k - 96 bolts
 o - 151 arrows
Armour
 b - a +0 scale mail
 c - a +0 kite shield
 h - a +2 hat (worn)
 p - a +0 helmet
 s - a +2 buckler (worn)
 w - the +1 ring mail "Basaqut" (worn) {MR+ Int+4}
   (You found it on level 6 of the Dungeon)

   It affects your intelligence (+4).
   It affects your resistance to hostile enchantments.
Magical Staves
 n - an uncursed staff of poison
Jewellery
 v - a ring of positive energy (left hand)
 B - an uncursed ring of protection from magic {unknown}
 C - a +6 ring of dexterity (right hand)
Scrolls
 d - a scroll of enchant weapon
 j - 4 scrolls of fear
 m - 2 scrolls of amnesia
 r - 3 scrolls of blinking
 y - 5 scrolls of teleportation
 z - 2 scrolls of identify
 A - a scroll of torment {unknown}
Potions
 g - 2 potions of flight
 l - a potion of curing
 q - a potion of haste
 u - a potion of invisibility {unknown}
Comestibles
 f - 12 rations


   Skills:
 + Level 6.3 Fighting
 + Level 8.9 Maces & Flails
 + Level 6.1 Armour
 + Level 2.5 Dodging
 + Level 0.9 Stealth
 - Level 4.0 Shields


You had 8 spell levels left.
You didn't know any spells.
Your spell library was empty.

Dungeon Overview and Level Annotations

Branches:
Dungeon (6/15)             Temple (1/1) D:4

Altars:
Ashenzari
Cheibriados
Dithmenos
Elyvilon
Fedhas
Gozag
Hepliaklqana
Kikubaaqudgha
Nemelex Xobeh
Okawaru
Qazlal
Ru
Sif Muna
Trog
Uskayaw
Wu Jian
Xom
Yredelemnul
Zin
The Shining One


Innate Abilities, Weirdness & Mutations

You are resistant to torment.
Your stone body is resilient. (AC +6)
You are immune to poison.
You resist negative energy. (rN+)
You are resistant to electric shocks. (rElec)
You can survive without breathing.
You are immune to petrification.
You are immune to rotting.


Message History

Splash!
You fall into the shallow water.
Moving in this stuff is going to be slow.
You see here a sky beast corpse.
Found a rapier.
Found five items.
Really walk into a travel-excluded area?
Found 8 gold pieces and a potion of curing.
Really walk into that cloud of flame?
You are engulfed in blazing flames.
You see here a rapier.
Really walk into that cloud of flame?
Okay, then.
Really walk into that cloud of flame?
You are engulfed in blazing flames.
You see here a rapier.
You are engulfed in blazing flames.
* * * LOW HITPOINT WARNING * * *
You are engulfed in blazing flames.
You die...

##...### ##.....
#......### #.....
##........####....
#...........##....
##.................
#...#####......†...
#§§°# #.......≈..
#§§☼# #..........
#○@§# #.......###
#...# ##.......
○.!)%.§ #.......#
§§§.).).§§§....###..#
#.§§§.!$..☼§§....
#... ######...#####.
#§§§# #§§°#


There were no monsters in sight!

Vanquished Creatures
  Duvessa (D:6)
  2 sky beasts
  An orc warrior (D:6)
  An ogre (D:6)
  A phantom (D:6)
  A necrophage (D:6)
  3 centaurs
  Dowan (D:6)
  A scorpion (D:6)
  A water moccasin skeleton (D:5)
  2 howler monkeys (D:4)
  A centaur zombie (D:5)
  A crimson imp (D:5)
  A hound (D:6)
  A bullfrog zombie (D:5)
  3 orc priests
  A gnoll shaman (D:4)
  2 orc wizards
  A jelly (D:6)
  3 bullfrog skeletons
  2 centaur skeletons
  6 worker ants
  A hound skeleton (D:5)
  A howler monkey zombie (D:5)
  2 worker ant zombies
  5 gnolls (D:4)
  7 adders
  An ooze (D:3)
  An adder zombie (D:5)
  4 worms
  A dart slug (D:6)
  3 leopard geckos
  18 orcs
  2 bats (D:2)
  2 giant cockroaches
  8 goblins
  7 hobgoblins
  8 jackals
  2 quokkas
  2 ball pythons
  5 frilled lizards
  A giant cockroach zombie (D:2)
  A jackal skeleton (D:5)
  A jackal zombie (D:5)
  4 kobolds
  2 leopard gecko zombies (D:5)
  3 rats
129 creatures vanquished.

Notes
Turn   | Place    | Note
-------+----------+-------------------------------------------
     0 | D:1      | funkygono the Gargoyle Fighter began the quest for the Orb.
     0 | D:1      | Reached XP level 1. HP: 14/14 MP: 1/1
   513 | D:1      | Reached XP level 2. HP: 19/19 MP: 2/2
   796 | D:2      | Found a hide-covered altar of Uskayaw.
   931 | D:2      | Reached XP level 3. HP: 23/23 MP: 3/3
  1105 | D:2      | Noticed a sky beast
  1129 | D:2      | Killed a sky beast
  1129 | D:2      | Reached skill level 3 in Maces & Flails
  1129 | D:2      | Reached XP level 4. HP: 27/29 MP: 4/4
  1129 | D:2      | Reached XP level 5. HP: 31/33 MP: 5/5
  1647 | D:3      | Reached skill level 4 in Maces & Flails
  1864 | D:3      | Found a blossoming altar of Fedhas.
  1866 | D:3      | Found an ancient bone altar of Kikubaaqudgha.
  2538 | D:4      | Reached XP level 6. HP: 38/38 MP: 6/6
  2577 | D:4      | Reached skill level 5 in Maces & Flails
  2887 | D:4      | Reached XP level 7. HP: 13/43 MP: 7/7
  3121 | D:4      | Found a staircase to the Ecumenical Temple.
  3141 | D:4      | Reached skill level 1 in Dodging
  3157 | Temple   | Entered the Ecumenical Temple
  3293 | Temple   | Became a worshipper of Warmaster Okawaru
  3545 | D:5      | Entered Level 5 of the Dungeon
  3627 | D:5      | Reached skill level 6 in Maces & Flails
  3650 | D:5      | Reached skill level 5 in Armour
  3888 | D:5      | Reached * piety under Okawaru
  3888 | D:5      | Reached XP level 8. HP: 44/48 MP: 8/8
  3991 | D:5      | Reached skill level 7 in Maces & Flails
  4210 | D:5      | Found a glowing silver altar of Zin.
  4644 | D:6      | Reached skill level 5 in Fighting
  4891 | D:6      | Noticed Dowan
  4892 | D:6      | Noticed Duvessa
  4956 | D:6      | Killed Duvessa
  4956 | D:6      | Reached skill level 8 in Maces & Flails
  4962 | D:6      | Killed Dowan
  4962 | D:6      | Reached ** piety under Okawaru
  5197 | D:6      | Got a crude ring mail
  5208 | D:6      | Identified the +1 ring mail "Basaqut" {MR+ Int+4} (You
                  | found it on level 6 of the Dungeon)
  5404 | D:6      | Reached XP level 9. HP: 20/55 MP: 9/9
  5770 | D:6      | Found a snail-covered altar of Cheibriados.
  5908 | D:6      | Found an opulent altar of Gozag.
  5912 | D:6      | Found a sparkling altar of Nemelex Xobeh.
  6341 | D:6      | Engulfed by a cloud of flame

Illustrated notes

Levels and vault maps discovered:
D:1:      evilmike_arrival_home_sweet_home, layout_basic, roderic_roman_lattice
D:2:      layout_loops_ring, overflow_temple_1_default, minmay_divided_ellipse
D:3:      layout_basic, grunt_temple_overflow_growth_and_decay,
          eino_tiny_chamber, kennysheep_cluttered_room
D:4:      layout_rooms, minmay_temple_entry_sparse_star, grunt_ministairs_2
D:5:      layout_rooms, kennysheep_mini_moat, first_ration, serial_undead,
          serial_undead_d, serial_undead_a, serial_undead_e, serial_undead_e,
          serial_undead_e
D:6:      layout_layer_cave, grunt_temple_overflow_opulence,
          kennysheep_slug_shrine, st_stairs_13, lemuel_flame_loot_1,
          uniq_duvessa
Temple:   dshaligram_water_room_temple

Skill      XL: |  1  2  3  4  5  6  7  8  9 |
---------------+----------------------------+-----
Maces & Flails | 3 4 5 6 8 |  8.9
Armour         | 4 5 6 |  6.1
Shields        | 4 |  4.0
Fighting       | 4 6 |  6.3
Dodging        | 1 2 |  2.5
Stealth        | |  0.9

Action                   |  1- 3 |  4- 6 |  7- 9 || total
-------------------------+-------+-------+-------++-------
Melee: Flail             |    79 |   165 |   165 ||   409
       Whip              |       |       |   422 ||   422
  Use: Scroll            |     6 |     3 |     7 ||    16
       Potion            |       |     1 |     3 ||     4
  Eat: Chunk             |     1 |     2 |    12 ||    15
       Ration            |       |     1 |       ||     1
Armor: Scale mail        |    40 |    59 |   124 ||   223
       Ring mail         |       |       |    44 ||    44
       Skin              |       |       |     5 ||     5
Dodge: Dodged            |    26 |    66 |   202 ||   294
Block: Kite shield       |    47 |    18 |       ||    65
       Buckler           |       |    38 |   164 ||   202
